 Dungeon Crawl Stone Soup version 0.22-a0-247-gbddf880 (webtiles) character file.

9 varam the Sneak (level 2, 0/13 HPs)
             Began as a Spriggan Enchanter on Feb 26, 2018.
             Slain by a leopard gecko (4 damage)
             ... on level 1 of the Dungeon.
             The game lasted 00:01:16 (158 turns).

varam the Sneak (Spriggan Enchanter)                 Turns: 158, Time: 00:01:17

Health: 0/13       AC:  2    Str:  4    XL:     2   Next: 3%
Magic:  6/6        EV: 18    Int: 16    God:
Gold:   43         SH:  0    Dex: 16    Spells: 5/6 levels left

rFire    . . .     SeeInvis +   a - +1 dagger
rCold    . . .     Gourm    .   (shield restricted)
rNeg     . . .     Faith    .   b - +0 robe
rPois    .         Spirit   .   (helmet restricted)
rElec    .         Reflect  .   (no cloak)
rCorr    .         Harm     .   (gloves unavailable)
MR       .....                  (boots unavailable)
Stlth    +++.......             (no amulet)
HPRegen  0.04/turn              (no ring)
MPRegen  0.10/turn              (no ring)

@: very quick
A: very small, unfitting armour, see invisible, herbivore, speed 3, slow
metabolism 2
a: no special abilities


You were on level 1 of the Dungeon.
You were not hungry.

You visited 1 branch of the dungeon, and saw 1 of its levels.

You collected 43 gold pieces.

Inventory:

Hand Weapons
 a - a +1 dagger (weapon)
Armour
 b - a +0 robe (worn)
Jewellery
 f - an uncursed ring of stealth {unknown}
Scrolls
 d - 2 scrolls of blinking {unknown}
Potions
 e - a potion of flight {unknown}
Comestibles
 c - a ration


   Skills:
 + Level 1.8 Short Blades
 - Level 3.0 Dodging
 + Level 5.0 Stealth
 - Level 2.6 Spellcasting
 - Level 3.6 Hexes


You had 5 spell levels left.
You knew the following spells:

 Your Spells              Type           Power        Failure   Level  Hunger
a - Corona                Hex            ##.....      4%          1    #......


Dungeon Overview and Level Annotations

Branches:
Dungeon (1/15)

Altars:


Innate Abilities, Weirdness & Mutations

You are very small and have problems with some larger weapons.
You are too small for most types of armour.
You have supernaturally acute eyesight. (SInv)
You are a herbivore.
You cover ground extremely quickly.
You need consume almost no food.


Message History

You now have 43 gold pieces (gained 15).
Found an escape hatch in the floor.
f - a blackened iron ring
There is an escape hatch in the floor here.
Found 11 sling bullets.
Found a stone staircase leading down.
A kobold comes into view. It is wielding a dagger.
Found a ration and 13 gold pieces.
A rat comes into view.
A leopard gecko comes into view.
Found a ration.
The leopard gecko hisses angrily.
The kobold shouts!
You hear a shout!
The kobold completely misses you.
You hit the kobold but do no damage. The kobold closely misses you.
A kobold comes into view.
A kobold comes into view.
The leopard gecko bites you.
The rat twitches its whiskers.
The leopard gecko bites you.
You die...

.#.... #.#... . #.... .#
#.#... ########### #.#
#.... #.........# #.#
#.#### ..8.....8.##K#
%.......l....# ##########
.......K.@...# #.........
......>......# #.###.####
#..........######(########
#....r....................
#.8$....8.#..##♣♣♣.♣♣♣##..
K.........(..# ♣⌠♣ #..
....##.......♣♣♣♣♣.♣♣♣♣♣..
.... #..%.#.....⌠.<.⌠.....
... #....#..♣♣♣♣♣.♣♣♣♣♣..


You could see a leopard gecko, 2 kobolds and a rat.

Vanquished Creatures
  2 dart slugs (D:1)
  A goblin (D:1)
  A bat (D:1)
  2 rats (D:1)
6 creatures vanquished.

Notes
Turn   | Place    | Note
-------+----------+-------------------------------------------
     0 | D:1      | varam the Spriggan Enchanter began the quest for the Orb.
     0 | D:1      | Reached XP level 1. HP: 9/9 MP: 5/5
    72 | D:1      | Reached XP level 2. HP: 7/13 MP: 4/6
   104 | D:1      | Reached skill level 5 in Stealth
   158 | D:1      | Slain by a leopard gecko

Vault maps used:
D:1:      scummos_arrival_forest, minivault_23, corexii_leaking_fountain,
          minmay_misc_feat_pillars, hex_tiny, st_stairs_1

Skill      XL: |  1  2 |
---------------+-------+-----
Stealth        | 5 |  5.0
Short Blades   | |  1.8
Dodging        | |  3.0
Spellcasting   | |  2.6
Hexes          | |  3.6

Action                   || total
-------------------------++-------
Melee: Dagger            ||    20
 Cast: Corona            ||     4
 Stab: Sleeping          ||     2
Armor: Robe              ||     2
Dodge: Dodged            ||    22

Table legend:
 A = Spawn XP
 B = Non-spawn XP
 C = Spawn XP percentage of total XP
 D = Spawn monster count
 E = Non-spawn monster count
 F = Spawn count percentage of total count
 G = Total turns spent on level
                    A         B        C        D         E        F      G
               +---------+---------+-------+---------+---------+-------+---------
         Total |       0 |      13 |   0.0 |       0 |       6 |   0.0 |   158
               +---------+---------+-------+---------+---------+-------+---------
           D:1 |       0 |      13 |   0.0 |       0 |       6 |   0.0 |   158
               +---------+---------+-------+---------+---------+-------+---------
